 Dungeon Crawl Stone Soup version 0.26.1-2-gb8aa6d0cf2 (webtiles) character file.

Game seed: 297426207707098391

122 sizableburger the Magician (level 4, -2/30 HPs)
             Began as a Mummy Air Elementalist on Mar 1, 2021.
             Slain by Crazy Yiuf
             ... wielding a +2 quarterstaff of chaos
              (10 damage)
             ... on level 2 of the Dungeon.
             The game lasted 00:10:03 (2841 turns).

sizableburger the Magician (Mummy Air Elementalist) Turns: 2841, Time: 00:10:05

Health: -2/30      AC:  3    Str: 11    XL:     4   Next: 78%
Magic:  5/10       EV: 12    Int: 15    God:
Gold:   121        SH:  0    Dex: 12    Spells: 8/11 levels left

rFire    x . .     SeeInvis .   (no weapon)
rCold    + . .     Faith    .   (no shield)
rNeg     + + +     Spirit   .   a - +0 robe
rPois    ∞         Reflect  .   f - +0 helmet
rElec    .         Harm     .   (no cloak)
rCorr    .         Rampage  .   (no gloves)
Will     .....                  (no boots)
Stlth    ++........             (no amulet)
HPRegen  0.10/turn              (no ring)
MPRegen  0.12/turn              (no ring)

@: very slightly contaminated, hasted, very quick
A: no potions, fire vulnerability, cold resistance 1, negative energy resistance
3, torment resistance, unbreathing
a: no special abilities


You were on level 2 of the Dungeon.
You visited 1 branch of the dungeon, and saw 2 of its levels.

You collected 121 gold pieces.

Inventory:

Armour
 a - a +0 robe (worn)
 f - a +0 helmet (worn)
Wands
 g - a wand of flame (13)
Scrolls
 b - 2 scrolls of remove curse
 c - a scroll of teleportation
 d - a scroll of enchant armour {unknown}
 e - a scroll of magic mapping


   Skills:
 - Level 1.5 Dodging
 - Level 1.5 Stealth
 + Level 4.2 Spellcasting
 + Level 2.2 Conjurations
 + Level 3.3 Air Magic


You had 8 spell levels left.
You knew the following spells:

 Your Spells              Type           Power        Failure   Level
a - Shock                 Conj/Air       44%          6%          1
b - Swiftness             Air            13%          7%          2

Your spell library contained the following spells:

 Spells                   Type           Power        Failure   Level
 Static Discharge         Conj/Air       11%          17%         3
 Airstrike                Air            6%           41%         4
 Lightning Bolt           Conj/Air       5%           85%         5


Dungeon Overview and Level Annotations

Branches:
Dungeon (2/15)

Altars:

Annotations:
D:2 Crazy Yiuf


Innate Abilities, Weirdness & Mutations

You do not drink.
Your flesh is vulnerable to fire.
You are immune to poison.
Your flesh is cold resistant. (rC+)
You are immune to negative energy. (rN+++)
You are immune to unholy pain and torment.
You can survive without breathing.


Message History

Aiming: Shock (safe; 6% risk of failure)
Press: ? - help, Shift-Dir - straight line The zap hits Crazy Yiuf.
Crazy Yiuf is severely wounded.
The zap hits Crazy Yiuf.
Crazy Yiuf is almost dead.
Crazy Yiuf hits you with a +2 quarterstaff of chaos.
* * * LOW HITPOINT WARNING * * *
Casting: Shock (safe; 6% risk of failure)
Confirm with . or Enter, or press ? or * to list all spells.
You don't know that spell.
Casting: Shock (safe; 6% risk of failure)
Confirm with . or Enter, or press ? or * to list all spells.
Aiming: Shock (safe; 6% risk of failure)
Press: ? - help, Shift-Dir - straight line You miscast Shock.
You are very lightly contaminated with residual magic.
Nothing appears to happen.
Crazy Yiuf hits you with a +2 quarterstaff of chaos!
You die...

############ #.....
#.......!..# ##.####
#.##.####..#######.#.###
#.##.####.........###..#
#.##.............## ##.#
#.##.#####.####.## ##.
#.##.# #.......## ##..
###.##.#####.####.#.###.##
#........@g..# #..#>#....
#.####.#####.# ##.###.####
#.####.#####.###.## ##....
#.##............## ##..#
#.##.#.#####..(#(## ##.#.#
#..#.#.# #.....##.###.##.#
##.#..#.#
#.#..####(#(...<.
#.###...# #.#..# ##.####.#
##.#..### #.#..# #..# #.#


You could see Crazy Yiuf.

Vanquished Creatures
  Natasha (thrice) (D:2)
  An adder (D:2)
  A worm (D:2)
  2 leopard geckos
  2 giant cockroaches (D:1)
  A goblin (D:1)
  7 hobgoblins
  3 jackals (D:2)
  A bat (D:1)
  2 frilled lizards (D:1)
  7 kobolds
  3 rats
33 creatures vanquished.

Vanquished Creatures (others)
  3 fungi (D:2)
3 creatures vanquished.

Grand Total: 36 creatures vanquished

Notes
Turn   | Place    | Note
-------+----------+-------------------------------------------
     0 | D:1      | sizableburger the Mummy Air Elementalist began the quest
                  | for the Orb.
     0 | D:1      | Reached XP level 1. HP: 13/13 MP: 4/4
   176 | D:1      | Reached skill level 1 in Conjurations
   293 | D:1      | Reached skill level 3 in Spellcasting
   402 | D:1      | Reached XP level 2. HP: 19/19 MP: 4/6
   561 | D:1      | Learned a level 2 spell: Swiftness
  1749 | D:2      | Reached XP level 3. HP: 22/24 MP: 3/7
  2167 | D:2      | Noticed Natasha
  2172 | D:2      | Killed Natasha
  2173 | D:2      | Reached XP level 4. HP: 20/30 MP: 5/9
  2311 | D:2      | Noticed Natasha
  2317 | D:2      | Killed Natasha
  2318 | D:2      | Reached skill level 4 in Spellcasting
  2532 | D:2      | Found a runed translucent door.
  2533 | D:2      | Noticed Crazy Yiuf
  2599 | D:2      | Noticed Natasha
  2728 | D:2      | Killed Natasha
  2836 | D:2      | Paralysed by Crazy Yiuf for 4 turns
  2841 | D:2      | Slain by Crazy Yiuf

Illustrated notes

Levels and vault maps discovered:
D:1:      lightli_arrival_statuegarden, layout_basic
D:2:      layout_loops_ring, uniq_natasha, uniq_crazy_yiuf_cottage

Skill      XL: |  1  2  3  4 |
---------------+-------------+-----
Conjurations   | 1 2 |  2.2
Spellcasting   | 3 4 |  4.2
Air Magic      | 3 |  3.3
Dodging        | |  1.5
Stealth        | |  1.5

Action                   |  1- 3 |  4- 6 || total
-------------------------+-------+-------++-------
Melee: Unarmed           |     9 |     1 ||    10
 Cast: Shock             |    60 |    18 ||    78
       Swiftness         |       |     2 ||     2
  Use: Scroll            |     5 |       ||     5
Armor: Robe              |     9 |       ||     9
Dodge: Dodged            |    25 |     4 ||    29
